 Dungeon Crawl Stone Soup version 0.31-a0-230-g09eb5fc4d3 (webtiles) character file.

Game seed: 12291143275742157921

38 qw the Shooter (level 3, -5/21 HPs)
             Began as a Gargoyle Hexslinger on July 6, 2023.
             Slain by Terence
             ... wielding a +0 trident
              (7 damage)
             ... on level 2 of the Dungeon.
             The game lasted 00:00:21 (872 turns).

qw the Shooter (Gargoyle Hexslinger)                 Turns: 872, Time: 00:00:22

Health: -5/21      AC:  3    Str: 11    XL:     3   Next: 43%
Magic:  4/4        EV: 12    Int: 13    God:
Gold:   91         SH:  0    Dex: 14    Spells: 3/4 levels left

rFire   . . .        Y - +1 sling
rCold   . . .        (no shield)
rNeg    + . .        (no body armour)
rPois   inf          (no helmet)
rElec   +            (no cloak)
rCorr   .            (no gloves)
SInv    .            (no boots)
Will    .....        (no amulet)
Stlth   +            (no ring)
HPRegen 0.23/turn    (no ring)
MPRegen 0.09/turn

%: no passive effects
@: no status effects
A: sickness immunity, AC +3, negative energy resistance 1, electricity
resistance, torment resistance 1, petrification resistance
a: no special abilities


You were on level 2 of the Dungeon.
You visited 1 branch of the dungeon, and saw 2 of its levels.

You collected 91 gold pieces.


Innate Abilities, Weirdness & Mutations

You are immune to sickness and miasma.
Your stone body is resilient. (AC +3)
You are immune to poison.
You resist negative energy. (rN+)
You are resistant to electric shocks. (rElec)
You are resistant to unholy torment.
You are immune to petrification.


   Skills:
 - Level 2.2 Fighting
 + Level 3.2 Ranged Weapons
 - Level 1.5 Dodging
 - Level 1.0 Spellcasting
 - Level 2.6 Hexes


You had 3 spell levels left.
You knew the following spells:

 Your Spells              Type           Power      Damage    Failure   Level
a - Slow                  Hex            28%        N/A       10%         1

Your spell library contained the following spells:

 Spells                   Type           Power      Damage    Failure   Level
 Inner Flame              Hex/Fire       4%         N/A       43%         3
 Portal Projectile        Hex/Tloc       8%         N/A       43%         3
 Cause Fear               Hex            3%         N/A       67%         4

Inventory:

Hand Weapons
 Y - a +1 sling (weapon)
Armour
 b - a +0 leather armour
 c - a +0 robe
Scrolls
 d - 2 scrolls of enchant weapon {unknown}
Potions
 a - a potion of invisibility {unknown}
 e - a potion of might {unknown}

Dungeon Overview and Level Annotations

Branches:
Dungeon (2/15)

Altars:

Annotations:
D:2 Terence


Message History

The sling bullet hits Terence but does no damage.
Terence is moderately wounded.
Terence barely misses you.
You shoot a sling bullet. The sling bullet hits Terence.
Terence is heavily wounded.
Terence hits you from afar with a +0 trident!
You shoot a sling bullet. The sling bullet hits Terence.
Terence is heavily wounded.
Terence hits you from afar with a +0 trident.
Enter note:
Enter note:
Enter note:
Enter note:
Enter note:
Enter note:
863 ||| UPGRADING to +0 leather armour.
Terence hits you from afar with a +0 trident.
You stop removing your armour.
864 ||| UPGRADING to +0 leather armour.
Terence barely misses you.
You start removing your armour.
You continue taking off your +0 robe.
Terence misses you.
You continue taking off your +0 robe.
Terence barely misses you.
You continue taking off your +0 robe.
Terence barely misses you.
You continue taking off your +0 robe.
Terence closely misses you.
You finish taking off your +0 robe.
You start putting on your armour.
You continue putting on your +0 leather armour.
Terence barely misses you.
You continue putting on your +0 leather armour.
Terence misses you.
You continue putting on your +0 leather armour.
Terence hits you from afar with a +0 trident.
Keep equipping yourself?
You continue putting on your +0 leather armour.
Terence hits you from afar with a +0 trident!
You die...

#.~~~¤~.~~¤~ ~~~~ ####
#.....¤.... ¤¤.¤ ...#
#.~~~~~.~~ .¤¤~ ##.#
#.~# #~.¤# .¤# #.# #.~#
#~.~# ~.~# #.#
#.~###~.¤###~.¤### #.#
#.~~¤~~.¤¤~~~.¤~~¤ #.##
#.......¤¤@¤@..¤¤¤
#..###.~~~~~.¤¤¤¤~.~~~~
##...#.¤###~¤¤###~¤¤###
###.#.~# #~.~# ~¤~#
#.#.¤###~.~# ¤~#
#...¤~~~~.¤~¤ .~~~
##.......¤.... ....
#........[### ###.
##########


You could see Terence.

Vanquished Creatures
  A gnoll (D:1)
  A dart slug (D:1)
  2 endoplasms (D:1)
  A giant cockroach (D:1)
  2 goblins (D:1)
  2 hobgoblins (D:1)
  3 quokkas (D:1)
  2 ball pythons
  3 bats (D:1)
  A frilled lizard (D:1)
  5 kobolds
  3 rats (D:1)
26 creatures vanquished.

Notes
Turn   | Place    | Note
-------+----------+-------------------------------------------
     0 | D:1      | qw the Gargoyle Hexslinger began the quest for the Orb.
     0 | D:1      | Reached XP level 1. HP: 12/12 MP: 2/2
     0 | D:1      | 0 ||| qw: Version: 0.3-a-46-gb1f654a
     0 | D:1      | 0 ||| qw: Game counter: 1812
     0 | D:1      | 0 ||| qw: Melee chars always use a shield: true
     0 | D:1      | 0 ||| qw: God list: Okawaru
     0 | D:1      | 0 ||| qw: Allow faded altars: false
     0 | D:1      | 0 ||| qw: Do Orc after clearing Dungeon:15 true
     0 | D:1      | 0 ||| qw: Do second Lair branch before Depths: true
     0 | D:1      | 0 ||| qw: Lair rune preference: random
     0 | D:1      | 0 ||| qw: Goals: Normal
     0 | D:1      | 0 ||| PLANNING D:1-11
    53 | D:1      | 53 ||| Stepping ~*~*~tactically~*~*~ (water).
    62 | D:1      | Reached XP level 2. HP: 16/16 MP: 3/3
   118 | D:1      | Reached skill level 3 in Ranged Weapons
   141 | D:1      | HP: 4/16 [frozen (4)]
   356 | D:1      | Reached XP level 3. HP: 21/21 MP: 4/4
   650 | D:1      | 650 ||| READING scroll labelled NANTYTW RYUM.
   653 | D:1      | 653 ||| READING scroll labelled VUCOT YGONEE.
   654 | D:1      | 654 ||| READING scroll labelled FAMINI WORUPTOM.
   655 | D:1      | 655 ||| DROPPING scroll of poison.
   854 | D:2      | Noticed Terence
   863 | D:2      | 863 ||| UPGRADING to +0 leather armour.
   863 | D:2      | HP: 3/21 [Terence/+0 trident (4)]
   864 | D:2      | 864 ||| UPGRADING to +0 leather armour.
   871 | D:2      | HP: 2/21 [Terence/+0 trident (3)]
   872 | D:2      | Slain by Terence

Levels and vault maps discovered:
D:1:      mrwooster_arrival_statue_3, layout_loops_ring, serial_bayou_lagoon_b
D:2:      layout_basic, serial_shops, nicolae_shop_getting_attention,
          kennysheep_boxes, uniq_jessica, uniq_terence

Skill      XL: |  1  2 |
---------------+-------+-----
Ranged Weapons | 3 |  3.2
Fighting       | 2 |  2.2
Dodging        | |  1.5
Spellcasting   | |  1.0
Hexes          | |  2.6

Action                     || total
---------------------------++-------
   Fire: Sling             ||    83
    Use: Scroll            ||     3
 Armour: Robe              ||     7
  Dodge: Dodged            ||    21

Table legend:
 A = Non-vault XP
 B = Vault XP
 C = Vault XP percentage of total XP
 D = Non-vault monster count
 E = Vault monster count
 F = Vault count percentage of total count
                 A         B        C        D         E       F
            +---------+---------+-------+---------+---------+-------
      Total |      55 |       0 |   0.0 |      26 |       0 |   0.0
            +---------+---------+-------+---------+---------+-------
        D:1 |      52 |       0 |   0.0 |      24 |       0 |   0.0
        D:2 |       3 |       0 |   0.0 |       2 |       0 |   0.0
            +---------+---------+-------+---------+---------+-------
